 Dungeon Crawl Stone Soup version 0.29-a0-857-g9b1aa3ac5b (webtiles) character file.

Game seed: 12196547195530277350

3 Sabo the Digger (level 1, -2/14 HPs)
             Began as a Draconian Earth Elementalist on July 16, 2022.
             Slain by a kobold
             ... wielding a +0 short sword
              (3 damage)
             ... on level 1 of the Dungeon.
             The game lasted 00:00:43 (246 turns).

Sabo the Digger (Draconian Earth Elementalist)       Turns: 246, Time: 00:00:44

Health: -2/14      AC:  4    Str: 10    XL:     1   Next: 41%
Magic:  3/3        EV:  9    Int: 15    God:
Gold:   0          SH:  0    Dex: 11    Spells: 3/4 levels left

rFire   . . .      SeeInvis .   (no weapon)
rCold   . . .      Faith    .   (no shield)
rNeg    . . .      Spirit   .   (body armour unavailable)
rPois   .          Reflect  .   (helmet restricted)
rElec   .          Harm     .   (no cloak)
rCorr   .          Rampage  .   (no gloves)
Will    .....                   (no boots)
Stlth   ++........              (no amulet)
HPRegen 0.04/turn               (no ring)
MPRegen 0.08/turn               (no ring)

@: constricted
A: AC +4, unfitting armour, cold-blooded
a: no special abilities


You were on level 1 of the Dungeon.
You visited 1 branch of the dungeon, and saw 1 of its levels.

Inventory:

Scrolls
 b - a scroll of teleportation {unknown}
 d - a scroll of identify {unknown}
Potions
 a - a potion of magic
 c - a potion of degeneration {unknown}


   Skills:
 + Level 1.7 Dodging
 + Level 1.9 Stealth
 + Level 2.0 Spellcasting
 + Level 1.0 Transmutations
 + Level 3.1 Earth Magic


You had 3 spell levels left.
You knew the following spells:

 Your Spells              Type           Power      Damage    Failure   Level
a - Sandblast             Erth           20%        2d7       6%          1

Your spell library contained the following spells:

 Spells                   Type           Power      Damage    Failure   Level
 Passwall                 Tmut/Erth      5%         N/A       14%         2
 Stone Arrow              Conj/Erth      12%        3d7       34%         3
 Petrify                  Tmut/Erth      7%         N/A       67%         4


Dungeon Overview and Level Annotations

Branches:
Dungeon (1/15)

Altars:


Innate Abilities, Weirdness & Mutations

Your plain brown scales are hard. (AC +4)
You cannot fit into any form of body armour.
You are cold-blooded and may be slowed by cold attacks.


Message History

A ball python comes into view.
The kobold hits you but does no damage.
The ball python hisses angrily.
You hit the kobold but do no damage. The hobgoblin hits you.
The kobold barely misses you.
The kobold hits you with a +0 short sword.
You barely miss the kobold. You tail-slap the kobold.
You kill the kobold!
The kobold hits you with a +0 short sword.
The hobgoblin hits you.
* * * LOW HITPOINT WARNING * * *
You hit the hobgoblin but do no damage.
You tail-slap the hobgoblin, but do no damage.
The hobgoblin barely misses you. The kobold barely misses you.
You hit the hobgoblin.
The hobgoblin is lightly wounded.
The hobgoblin barely misses you. The kobold hits you but does no damage.
You barely miss the hobgoblin. You tail-slap the hobgoblin.
The hobgoblin is moderately wounded.
The kobold completely misses you. The hobgoblin closely misses you.
You hit the hobgoblin.
The hobgoblin is severely wounded.
The ball python closely misses you. The ball python barely misses you.
The hobgoblin closely misses you. The kobold hits you but does no damage.
You hit the hobgoblin.
You kill the hobgoblin!
The ball python barely misses you. The ball python closely misses you.
The kobold hits you but does no damage.
You hit the ball python but do no damage.
Your tail-slap misses the ball python.
The ball python bites you but does no damage.
The ball python grabs you. The ball python constricts you.
The kobold misses you.
You hit the ball python but do no damage.
The ball python barely misses you. The ball python constricts you.
The kobold barely misses you.
You closely miss the ball python. The ball python barely misses you.
The ball python constricts you.
The kobold hits you with a +0 short sword.
You die...

#...... ...... .##.....
...... ..##...⌠ ......
#..###..
...$.############...##'
###...............##....
#.................####..
#.....K†S.........'.....
#.....)@..........#####.
#................[# #.
#.....>...........# #.
#.................# #.
#.................# #.
#.?################ #.
#.. #. .. #. #.


You could see a ball python and a kobold.

Vanquished Creatures
  A ball python (D:1)
  A hobgoblin (D:1)
  A kobold (D:1)
3 creatures vanquished.

Notes
Turn   | Place    | Note
-------+----------+-------------------------------------------
     0 | D:1      | Sabo the Draconian Earth Elementalist began the quest for
                  | the Orb.
     0 | D:1      | Reached XP level 1. HP: 14/14 MP: 3/3
   246 | D:1      | Slain by a kobold

Illustrated notes

Levels and vault maps discovered:
D:1:      dpeg_arrival_water_temple_mockup, layout_basic, eino_curves_02

Action                   || total
-------------------------++-------
Melee: Unarmed           ||    18
       Tailslap          ||     4
Armor: Skin              ||     8
Dodge: Dodged            ||    20

Table legend: (Time is in decaauts)
 A = Elapsed time spent in this place.
 B = Non-inter-level travel time spent in this place.
 C = Inter-level travel time spent in this place.
 D = Time resting spent in this place.
 E = Time spent auto-exploring this place.
 F = Levels seen in this place.
 G = Mean time per level.
                   A        B        C        D        E       F      G
               +--------+--------+--------+--------+--------+-----+--------+
         Total |    246 |    246 |      0 |    134 |      0 |   1 |  246.0 |
       Dungeon |    246 |    246 |      0 |    134 |      0 |   1 |  246.0 |
               +--------+--------+--------+--------+--------+-----+--------+

Top non-repeatable levels by time:
     D:1: 246 daAuts
